AoeStats
← mtv

Arabia

510719243Analyzed
1v1 RM · 21h ago on Oct 2, 2026· 38m 43s· 2 players
Game mode
Random Map
Map size
Tiny (2 player)
Population
200
Speed
Normal
Resources
Standard
Victory
Conquest
Starting age
Dark Age
Ending age
Imperial Age
RankedLock teamsTeams togetherTeam positionsShared explorationLock speedFull tech treeHidden civsTurbo modeCheats
Victory
Defeat
🇪🇸 Byzantines · Spain
884
+15
🇩🇪 Mongols · Germany
855
-15
BörsenBernd
9:35 Loom
11:55 Feudal Age
14:11 Horse Collar
16:08 Bloodlines
24:43 Castle Age
25:05 Double-Bit Axe
25:59 Fletching
26:26 Scale Barding Armor
29:09 Husbandry
30:54 Gold Mining
31:46 Forging
35:28 Chain Barding Armor
35:46 Iron Casting
mtv
10:55 Feudal Age
16:55 Wheelbarrow
16:29 Loom
19:33 Castle Age
20:35 Wheelbarrow
20:15 Scale Barding Armor
21:48 Forging
23:29 Double-Bit Axe
28:13 Gold Mining
30:38 Chain Barding Armor
31:33 Horse Collar
33:53 Iron Casting
Connection lost

Rejoining the realm…

Still unreachable

The connection could not be restored.

Session expired

The server has moved on; the page needs a fresh start.